 Dungeon Crawl Stone Soup version 0.29.1-12-g30fa7ad0bf (webtiles) character file.

Game seed: 16827758158523853761

116 growler the Poker (level 4, -4/32 HPs)
             Began as a Demonspawn Wanderer on Jan 6, 2023.
             Slain by Grinder (5 damage)
             ... on level 3 of the Dungeon.
             The game lasted 00:03:12 (2515 turns).

growler the Poker (Demonspawn Wanderer)             Turns: 2515, Time: 00:03:12

Health: -4/32      AC:  9    Str: 14    XL:     4   Next: 69%
Magic:  5/5        EV:  9    Int: 12    God:
Gold:   129        SH:  0    Dex: 20    Spells: 5/5 levels left

rFire   . . .      SeeInvis .   a - +0 spear
rCold   . . .      Faith    .   (no shield)
rNeg    . . .      Spirit   .   b - +2 scale mail
rPois   .          Reflect  .   (helmet restricted)
rElec   .          Harm     .   o - +0 cloak
rCorr   .          Rampage  .   (no gloves)
Will    .....                   (no boots)
Stlth   ..........              (no amulet)
HPRegen 0.10/turn               p - +6 ring of dexterity
MPRegen 0.18/turn               (no ring)

@: no status effects
A: antennae 1, foul stench 1, magic regeneration
a: no special abilities


You were on level 3 of the Dungeon.
You visited 1 branch of the dungeon, and saw 3 of its levels.

You collected 129 gold pieces.

Inventory:

Hand Weapons
 a - a +0 spear (weapon)
Armour
 b - a +2 scale mail (worn)
 o - a +0 cloak (worn)
Jewellery
 i - a ring of ice
 p - a +6 ring of dexterity (left hand)
Wands
 k - a wand of polymorph (10)
 q - a wand of paralysis (4)
Scrolls
 e - 2 scrolls of teleportation {unknown}
 f - a scroll of immolation {unknown}
 g - 2 scrolls of fear {unknown}
 h - 7 scrolls of identify {unknown}
 l - 2 scrolls of enchant armour {unknown}
 n - 4 scrolls of amnesia {unknown}
Potions
 d - a potion of berserk rage
 j - a potion of might {unknown}
 m - a potion of flight {unknown}
 r - 2 potions of curing {unknown}
Miscellaneous
 c - a piece from Xom's chessboard (15/15) (quivered)


   Skills:
 - Level 1.0 Fighting
 + Level 5.0 Polearms
 - Level 2.7 Armour
 - Level 1.0 Dodging
 - Level 1.0 Spellcasting
 - Level 1.0 Evocations


You had 5 spell levels left.
You didn't know any spells.
Your spell library contained the following spells:

 Spells                   Type           Power      Damage    Failure   Level
 Sandblast                Erth           0%         2d4       77%         1
 Passwall                 Tmut/Erth      0%         N/A       88%         2
 Stone Arrow              Conj/Erth      0%         3d7       98%         3
 Tukima's Dance           Hex            0%         N/A       98%         3
 Passage of Golubria      Tloc           0%         N/A       100%        4
 Yara's Violent Unravell  Hex/Tmut       0%         3d3       100%        5


Dungeon Overview and Level Annotations

Branches:
Dungeon (3/15)

Altars:

Annotations:
D:2 1 runed translucent door, Crazy Yiuf
D:3 1 runed translucent door, Grinder; nachturnus's ghost, amateur HuGl


Innate Abilities, Weirdness & Mutations

You have a pair of small antennae on your head.
You may rarely emit foul miasma when damaged in melee.
You regenerate magic rapidly.


Message History

You kill the orc wizard!
Your Polearms skill increases to level 5!
No target in view!
HP restored.
An orc wizard comes into view. It is wielding a +0 dagger.
Found a stone staircase leading down.
The orc wizard shouts!
Things that are here:
a +0 dagger; a +0 robe Grinder comes into view.
Grinder shouts!
You hear a shout!
An orc comes into view. It is wielding a +0 dagger.
You reach to attack!
You barely miss Grinder. You hit Grinder.
Grinder is lightly wounded.
A hobgoblin comes into view.
Grinder hits you!
You writhe in agony.
You emit a cloud of foul miasma!
You hit the orc wizard.
The orc wizard is lightly wounded.
Grinder hits you.
The orc wizard hits you with a +0 dagger.
You barely miss the orc wizard.
The orc wizard is lightly wounded.
You closely miss Grinder.
Grinder is lightly wounded.
Grinder hits you.
You writhe in agony.
The orc shouts repeatedly.
You hit Grinder.
Grinder is lightly wounded.
Grinder hits you but does no damage.
You hit Grinder.
Grinder is lightly wounded.
Grinder hits you but does no damage.
The orc wizard gestures wildly while chanting.
The orc wizard flickers and vanishes!
Deactivating autopickup; reactivate with Ctrl-A.
You closely miss the orc. Grinder hits you!
* * * LOW HITPOINT WARNING * * *
You writhe in agony.
You die...

#### #.. #.#
######.#
#......#######
+............#
##.o...###....#
#.{@)..........
#..5####.#..#...
#..g #.#..#
....# ##...#
#...# #...#
..>.. ##...#
#### #...##
##...# ##...##


You could see Grinder, an orc and a hobgoblin.

Vanquished Creatures
  Jessica (D:2)
  An orc wizard (D:3)
  An adder (D:2)
  3 dart slugs
  5 bats
  5 endoplasms
  3 goblins
  4 hobgoblins
  9 jackals
  3 kobolds (D:2)
  A quokka (D:1)
  5 ball pythons
  A frilled lizard (D:1)
  3 rats
45 creatures vanquished.

Vanquished Creatures (others)
  A plant (D:2)
1 creature vanquished.

Grand Total: 46 creatures vanquished

Notes
Turn   | Place    | Note
-------+----------+-------------------------------------------
     0 | D:1      | growler the Demonspawn Wanderer began the quest for the
                  | Orb.
     0 | D:1      | growler set off with the following items: a +0 spear, a +2
                  | scale mail, a piece from Xom's chessboard (15/15), a potion
                  | of berserk rage.
     0 | D:1      | Reached XP level 1. HP: 15/15 MP: 2/2
    83 | D:1      | Reached skill level 3 in Polearms
   418 | D:1      | Gained mutation: You have a pair of small antennae on your
                  | head. [demonic ancestry]
   418 | D:1      | Reached XP level 2. HP: 21/21 MP: 3/3
   943 | D:1      | Gained mutation: You may rarely emit foul miasma when
                  | damaged in melee. [demonic ancestry]
   943 | D:1      | Reached XP level 3. HP: 26/26 MP: 4/4
  1431 | D:2      | Reached skill level 4 in Polearms
  1487 | D:2      | Noticed Jessica
  1511 | D:2      | Killed Jessica
  1512 | D:2      | Gained mutation: You regenerate magic rapidly. [demonic
                  | ancestry]
  1512 | D:2      | Reached XP level 4. HP: 5/32 MP: 5/5
  1966 | D:2      | Found a faded altar of an unknown god.
  2073 | D:2      | Found a runed translucent door.
  2074 | D:2      | Noticed Crazy Yiuf
  2393 | D:3      | Found a runed translucent door.
  2393 | D:3      | Noticed nachturnus's ghost (amateur HuGl)
  2476 | D:3      | Reached skill level 5 in Polearms
  2507 | D:3      | Noticed Grinder
  2515 | D:3      | HP: 1/32 [Grinder (9)]
  2515 | D:3      | Slain by Grinder

Illustrated notes

Levels and vault maps discovered:
D:1:      dpeg_arrival_round_a, layout_basic, minmay_tree_intersection,
          minivault_23
D:2:      layout_basic, shapermc_ecumenical_altar_acropolis,
          minmay_misc_feat_four_crosses, minmay_tetromino_t2, uniq_jessica,
          uniq_crazy_yiuf_cottage
D:3:      kennysheep_big_flooded_room, layout_basic, lemuel_crystal_altar,
          serial_shops, nicolae_shop_hallway_plus,
          hellmonk_ghost_happy_afterlife, serial_curves, eino_curves_03,
          eino_curves_02, minmay_misc_feat_pillars, uniq_grinder

Skill      XL: |  1  2  3  4 |
---------------+-------------+-----
Polearms       | 3 4 5 |  5.0
Fighting       | |  1.0
Armour         | |  2.7
Dodging        | |  1.0
Spellcasting   | |  1.0
Evocations     | |  1.0

Action                   |  1- 3 |  4- 6 || total
-------------------------+-------+-------++-------
Melee: Spear             |   152 |    62 ||   214
       Punch             |     2 |       ||     2
Armor: Scale mail        |    67 |    25 ||    92
Dodge: Dodged            |    69 |    18 ||    87
